 Seeded DCSS version 0.28-a0-1567-g1695149f81 (webtiles) character file.

Game seed: 1631 (custom seed)

18 knot the Skirmisher (level 2, 21/24 HPs)
             Began as a Demonspawn Berserker on Jan 19, 2022.
             Was a Follower of Trog.
             Quit the game on level 1 of the Dungeon.
             The game lasted 00:00:40 (530 turns).

knot the Skirmisher (Demonspawn Berserker)           Turns: 530, Time: 00:00:41

Health: 21/24      AC:  5    Str: 17    XL:     2   Next: 51%
Magic:  2/2        EV: 12    Int:  8    God:    Trog [*.....]
Gold:   49         SH:  0    Dex: 12    Spells: 1/1 levels left

rFire   . . .      SeeInvis .   a - +0 hand axe
rCold   . . .      Faith    .   (no shield)
rNeg    . . .      Spirit   .   b - +0 animal skin
rPois   .          Reflect  .   (no helmet)
rElec   .          Harm     .   g - +0 cloak
rCorr   .          Rampage  .   (no gloves)
Will    .....                   (no boots)
Stlth   +.........              (no amulet)
HPRegen 0.08/turn               (no ring)
MPRegen 0.08/turn               (no ring)

@: no status effects
A: yellow scales 1
a: Renounce Religion, Berserk


You were on level 1 of the Dungeon.
You worshipped Trog.
Trog was aware of your devotion.
You visited 1 branch of the dungeon, and saw 1 of its levels.

You collected 49 gold pieces.

Inventory:

Hand Weapons
 a - a +0 hand axe (weapon)
Missiles
 d - 30 stones (quivered)
Armour
 b - a +0 animal skin (worn)
 c - a +0 ring mail
 g - a +0 cloak (worn)
Scrolls
 e - a scroll of identify {unknown}
 f - a scroll of magic mapping {unknown}


   Skills:
 + Level 3.2 Fighting
 + Level 2.9 Axes
 + Level 2.1 Armour
 + Level 2.1 Dodging


You had one spell level left.
You didn't know any spells.
Your spell library was empty.

Dungeon Overview and Level Annotations

Branches:
Dungeon (1/15)

Altars:


Innate Abilities, Weirdness & Mutations

You are partially covered in yellow scales. (AC +2)


Message History

A quokka is nearby!
A quokka is nearby!
You see here a jackal corpse.
You start resting.
You feel yourself speed up.
You start resting.
You recover from your berserk rage.
You start resting.
A quokka is nearby!
You see here a +0 cloak.
The quokka misses you.
You hit the quokka but do no damage.
The quokka bites you but does no damage.
The quokka closely misses you.
You barely miss the quokka. The quokka barely misses you.
You hit the quokka.
You kill the quokka!
Trog accepts your kill.
No target in view!
No target in view!
No target in view!
You see here a +0 cloak.
g - a +0 cloak You start removing your armour.
You continue taking off your +0 ring mail. x4
You finish taking off your +0 ring mail.
You start putting on your armour.
You continue putting on your +0 animal skin. x5
You finish putting on your +0 animal skin.
Unknown command.
Unknown command.
Unknown command.
Unknown command.
You start putting on your armour.
You continue putting on your +0 cloak. x4
You finish putting on your +0 cloak.
Unknown command.
Unknown command.
Unknown command.
Unknown command.
Are you sure you want to abandon this character and quit the game? (Confirm with "yes".)

...##..............#
.#####.....#.†..#####
.# #.....#...## .#
#.....#...#
#.....#.#.#
#.....#.#)#
#.....#...# .
###.####... ...
#.@.####.
.....####..#.......
r.....).÷†...####..
.....###...### ...
#..#.# . ...##..#
#.## ##.# #.. .. #.
#.#


There were no monsters in sight!

Vanquished Creatures
  A bat (D:1)
  3 endoplasms (D:1)
  A goblin (D:1)
  3 hobgoblins (D:1)
  3 jackals (D:1)
  2 quokkas (D:1)
  A kobold (D:1)
14 creatures vanquished.

Notes
Turn   | Place    | Note
-------+----------+-------------------------------------------
     0 | D:1      | knot the Demonspawn Berserker began the quest for the Orb.
     0 | D:1      | Reached XP level 1. HP: 18/18 MP: 1/1
   332 | D:1      | Gained mutation: You are partially covered in yellow
                  | scales. (AC +2) [demonic ancestry]
   332 | D:1      | Reached XP level 2. HP: 15/24 MP: 2/2
   530 | D:1      | Quit the game

Illustrated notes

Levels and vault maps discovered:
D:1:      dpeg_arrival_pits, layout_rooms, minmay_crystal_room

Skill      XL: |  1 |
---------------+----+-----
Armour         | 2 |  2.1
Dodging        | 2 |  2.1
Fighting       | |  3.2
Axes           | |  2.9

Action                   || total
-------------------------++-------
Melee: Hand axe          ||    43
       Punch             ||     1
Invok: Berserk           ||     2
Armor: Ring mail         ||    18
Dodge: Dodged            ||    28

Table legend: (Time is in decaauts)
 A = Elapsed time spent in this place.
 B = Non-inter-level travel time spent in this place.
 C = Inter-level travel time spent in this place.
 D = Time resting spent in this place.
 E = Time spent auto-exploring this place.
 F = Levels seen in this place.
 G = Mean time per level.
                   A        B        C        D        E       F      G
               +--------+--------+--------+--------+--------+-----+--------+
         Total |    562 |    562 |      0 |    282 |    171 |   1 |  562.0 |
       Dungeon |    562 |    562 |      0 |    282 |    171 |   1 |  562.0 |
               +--------+--------+--------+--------+--------+-----+--------+

Top non-repeatable levels by time:
     D:1: 562 daAuts
